General information
			
			
        
        - name: BNet
 
        - type: Ladder team game (AT/RT)
 
        - host: Battle.net
 
        - saver: HoneyBlunt
 
        
map: Battleground 
        - players: 8
 
        - length: 19:26
 
        - speed: Fast
 - version: 1.22 W3XP
 - replay type:  Public
 
» download(183 KB)
Players
        team 1 (winner) 
              
              
HoneyBlunt (
red | 62 APM | 1205 actions | 19:26)
              
 4 Death Knight 
 2 Death Coil
 2 Death Pact
 3 Lich 
 1 Frost Nova
 2 Frost Armor
 
                » actions 
                
                | Assign group hotkey | 24 |  | 
| Basic commands | 46 |  | 
| Build / train | 47 |  | 
| ESC pressed | 1 |  | 
| Enter build submenu | 16 |  | 
| Enter hero's abilities submenu | 7 |  | 
| Remove unit from queue | 1 |  | 
| Right click | 536 |  | 
| Select / deselect | 231 |  | 
| Select group hotkey | 221 |  | 
| Use ability | 75 |  | 
                1205 total
 » units 
                
                | Acolyte | 2 |  | 
| Ghoul | 12 |  | 
| Crypt Fiend | 6 |  | 
| Frost Wyrm | 1 |  | 
                21 total
 » upgrades
                
                | Web | 1 |  | 
| Freezing Breath | 1 |  | 
| Creature Attack | 2 |  | 
| Creature Carapace | 2 |  | 
                6 total
 » buildings
                
                | Crypt | 2 |  | 
| Ziggurat | 5 |  | 
| Altar of Darkness | 1 |  | 
| Tomb of Relics | 1 |  | 
| Halls of the Dead | 2 |  | 
| Black Citadel | 1 |  | 
| Sacrificial Pit | 2 |  | 
| Graveyard | 1 |  | 
| Boneyard | 1 |  | 
| Spirit Tower | 1 |  | 
                17 total
 » build order
                00:19 Crypt
00:24 Crypt
00:39 Ziggurat
01:01 Altar of Darkness
01:30 Tomb of Relics
02:19 Ziggurat
02:56 Ziggurat
05:28 Halls of the Dead
05:28 Halls of the Dead
07:57 Black Citadel
08:09 Sacrificial Pit
08:20 Graveyard
08:26 Ziggurat
08:28 Ziggurat
08:44 Sacrificial Pit
11:28 Boneyard
14:01 Spirit Tower
» items
                
                | Rod of Necromancy | 2 |  | 
| Dust of Appearance | 2 |  | 
| Scroll of Town Portal | 2 |  | 
                6 total
  
               
              
              
» 
19922513 (
green | 99 APM | 1920 actions | 19:24)
              
 5 Death Knight 
 3 Death Coil
 2 Unholy Aura
 4 Lich 
 2 Frost Nova
 2 Frost Armor
 3 Dreadlord 
 2 Sleep
 1 Carrion Swarm
 
                » actions 
                
                | Assign group hotkey | 14 |  | 
| Basic commands | 98 |  | 
| Build / train | 69 |  | 
| Enter build submenu | 19 |  | 
| Enter hero's abilities submenu | 12 |  | 
| Give item / drop item | 5 |  | 
| Remove unit from queue | 1 |  | 
| Right click | 935 |  | 
| Select / deselect | 502 |  | 
| Select group hotkey | 177 |  | 
| Use ability | 88 |  | 
                1920 total
 » units 
                
                | Acolyte | 2 |  | 
| Ghoul | 2 |  | 
| Crypt Fiend | 13 |  | 
| Frost Wyrm | 3 |  | 
                20 total
 » upgrades
                
                | Creature Carapace | 2 |  | 
| Web | 1 |  | 
| Creature Attack | 1 |  | 
                4 total
 » buildings
                
                | Crypt | 1 |  | 
| Graveyard | 1 |  | 
| Altar of Darkness | 1 |  | 
| Ziggurat | 9 |  | 
| Tomb of Relics | 1 |  | 
| Nerubian Tower | 2 |  | 
| Halls of the Dead | 2 |  | 
| Black Citadel | 2 |  | 
| Sacrificial Pit | 1 |  | 
| Boneyard | 2 |  | 
                22 total
 » build order
                00:23 Crypt
00:33 Graveyard
01:01 Altar of Darkness
01:04 Ziggurat
01:52 Tomb of Relics
02:05 Ziggurat
02:52 Nerubian Tower
04:14 Ziggurat
06:06 Halls of the Dead
09:31 Black Citadel
09:31 Black Citadel
10:07 Ziggurat
10:09 Ziggurat
10:55 Sacrificial Pit
13:03 Boneyard
13:10 Boneyard
14:40 Ziggurat
14:41 Ziggurat
14:42 Ziggurat
14:43 Ziggurat
» items
                
                | Rod of Necromancy | 4 |  | 
| Potion of Healing | 1 |  | 
| Potion of Mana | 1 |  | 
| Scroll of Town Portal | 1 |  | 
| Dust of Appearance | 1 |  | 
| Orb of Corruption | 4 |  | 
                12 total
  
               
              
              
Ozma (
purple | 101 APM | 1955 actions | 19:24)
              
 4 Death Knight 
 2 Death Coil
 2 Unholy Aura
 2 Lich 
 1 Frost Nova
 1 Frost Armor
 
                » actions 
                
                | Assign group hotkey | 68 |  | 
| Basic commands | 45 |  | 
| Build / train | 41 |  | 
| ESC pressed | 1 |  | 
| Enter build submenu | 19 |  | 
| Enter hero's abilities submenu | 7 |  | 
| Right click | 1042 |  | 
| Select / deselect | 229 |  | 
| Select group hotkey | 454 |  | 
| Use ability | 49 |  | 
                1955 total
 » units 
                
                | Acolyte | 2 |  | 
| Ghoul | 12 |  | 
| Crypt Fiend | 6 |  | 
                20 total
 » upgrades
                
                | Unholy Strength | 1 |  | 
| Creature Attack | 2 |  | 
| Web | 1 |  | 
| Burrow | 1 |  | 
                5 total
 » buildings
                
                | Graveyard | 1 |  | 
| Crypt | 2 |  | 
| Ziggurat | 7 |  | 
| Altar of Darkness | 1 |  | 
| Tomb of Relics | 1 |  | 
| Halls of the Dead | 1 |  | 
| Black Citadel | 1 |  | 
| Sacrificial Pit | 1 |  | 
| Boneyard | 2 |  | 
                17 total
 » build order
                00:09 Graveyard
00:19 Crypt
00:37 Ziggurat
01:02 Altar of Darkness
01:52 Tomb of Relics
02:03 Ziggurat
02:43 Crypt
03:16 Ziggurat
06:20 Halls of the Dead
07:05 Ziggurat
08:02 Ziggurat
08:43 Black Citadel
14:59 Sacrificial Pit
16:00 Boneyard
16:01 Boneyard
16:45 Ziggurat
19:16 Ziggurat
» items
                
                | Rod of Necromancy | 3 |  | 
| Dust of Appearance | 1 |  | 
| Potion of Healing | 1 |  | 
| Orb of Corruption | 1 |  | 
                6 total
  
               
              
              
Persian_Prince_ (
teal | 52 APM | 1001 actions | 19:24)
              
 5 Dreadlord 
 3 Vampiric Aura
 2 Sleep
 2 Death Knight 
 1 Death Coil
 1 Unholy Aura
 
                » actions 
                
                | Assign group hotkey | 24 |  | 
| Basic commands | 96 |  | 
| Build / train | 53 |  | 
| Enter build submenu | 18 |  | 
| Enter hero's abilities submenu | 8 |  | 
| Remove unit from queue | 1 |  | 
| Right click | 387 |  | 
| Select / deselect | 289 |  | 
| Select group hotkey | 66 |  | 
| Use ability | 59 |  | 
                1001 total
 » units 
                
                | Acolyte | 11 |  | 
| Ghoul | 20 |  | 
| Frost Wyrm | 5 |  | 
                36 total
 » upgrades
                » buildings
                
                | Crypt | 1 |  | 
| Ziggurat | 8 |  | 
| Altar of Darkness | 1 |  | 
| Tomb of Relics | 1 |  | 
| Nerubian Tower | 1 |  | 
| Halls of the Dead | 1 |  | 
| Black Citadel | 1 |  | 
| Sacrificial Pit | 1 |  | 
| Boneyard | 2 |  | 
| Graveyard | 1 |  | 
                18 total
 » build order
                00:16 Crypt
00:18 Ziggurat
00:36 Altar of Darkness
00:56 Ziggurat
01:13 Tomb of Relics
01:59 Nerubian Tower
03:47 Halls of the Dead
04:15 Ziggurat
06:58 Black Citadel
07:02 Sacrificial Pit
07:09 Ziggurat
09:35 Boneyard
09:38 Boneyard
11:30 Ziggurat
13:07 Ziggurat
16:06 Ziggurat
16:26 Graveyard
17:42 Ziggurat
» items
                
                | Rod of Necromancy | 2 |  | 
| Scroll of Town Portal | 1 |  | 
| Orb of Corruption | 1 |  | 
                4 total
  
               team 2 (loser) 
              
              
ShallowSpirit (
yellow | 70 APM | 1361 actions | 19:23)
              
 4 Death Knight 
 2 Death Coil
 2 Unholy Aura
 2 Lich 
 1 Frost Nova
 1 Frost Armor
 
                » actions 
                
                | Assign group hotkey | 32 |  | 
| Basic commands | 78 |  | 
| Build / train | 50 |  | 
| ESC pressed | 5 |  | 
| Enter build submenu | 19 |  | 
| Enter hero's abilities submenu | 6 |  | 
| Right click | 717 |  | 
| Select / deselect | 245 |  | 
| Select group hotkey | 148 |  | 
| Use ability | 60 |  | 
                1361 total
 » units 
                
                | Acolyte | 3 |  | 
| Ghoul | 2 |  | 
| Crypt Fiend | 14 |  | 
| Obsidian Statue | 5 |  | 
| Abomination | 1 |  | 
| Frost Wyrm | 4 |  | 
                29 total
 » upgrades
                
                | Web | 1 |  | 
| Creature Attack | 1 |  | 
| Creature Carapace | 1 |  | 
                3 total
 » buildings
                
                | Crypt | 1 |  | 
| Graveyard | 1 |  | 
| Ziggurat | 10 |  | 
| Altar of Darkness | 1 |  | 
| Tomb of Relics | 2 |  | 
| Nerubian Tower | 2 |  | 
| Halls of the Dead | 1 |  | 
| Slaughterhouse | 1 |  | 
| Black Citadel | 1 |  | 
| Spirit Tower | 2 |  | 
| Sacrificial Pit | 1 |  | 
| Boneyard | 1 |  | 
                24 total
 » build order
                00:07 Crypt
00:11 Graveyard
00:38 Ziggurat
01:02 Altar of Darkness
01:37 Tomb of Relics
01:54 Ziggurat
02:01 Nerubian Tower
02:01 Nerubian Tower
02:54 Halls of the Dead
04:29 Ziggurat
05:43 Slaughterhouse
06:37 Black Citadel
08:20 Ziggurat
08:34 Spirit Tower
09:32 Ziggurat
09:35 Ziggurat
09:56 Ziggurat
10:24 Sacrificial Pit
11:17 Boneyard
12:09 Spirit Tower
13:38 Ziggurat
13:40 Ziggurat
14:37 Tomb of Relics
16:10 Ziggurat
» items
                
                | Rod of Necromancy | 1 |  | 
| Orb of Corruption | 1 |  | 
| Potion of Healing | 1 |  | 
                3 total
  
               
              
              
» 
JPMorganChase (
blue | 238 APM | 4580 actions | 19:15)
              
 5 Death Knight 
 3 Death Coil
 2 Unholy Aura
 5 Lich 
 2 Frost Nova
 3 Dark Ritual
 3 Dreadlord 
 2 Sleep
 1 Carrion Swarm
 
                » actions 
                
                | Assign group hotkey | 96 |  | 
| Basic commands | 375 |  | 
| Build / train | 68 |  | 
| ESC pressed | 1 |  | 
| Enter build submenu | 20 |  | 
| Enter hero's abilities submenu | 13 |  | 
| Give item / drop item | 6 |  | 
| Remove unit from queue | 2 |  | 
| Right click | 1431 |  | 
| Select / deselect | 378 |  | 
| Select group hotkey | 2102 |  | 
| Use ability | 88 |  | 
                4580 total
 » units 
                
                | Acolyte | 3 |  | 
| Ghoul | 6 |  | 
| Crypt Fiend | 14 |  | 
| Frost Wyrm | 8 |  | 
                31 total
 » upgrades
                » buildings
                
                | Graveyard | 1 |  | 
| Crypt | 1 |  | 
| Ziggurat | 7 |  | 
| Altar of Darkness | 1 |  | 
| Tomb of Relics | 1 |  | 
| Halls of the Dead | 1 |  | 
| Spirit Tower | 3 |  | 
| Black Citadel | 1 |  | 
| Sacrificial Pit | 1 |  | 
| Boneyard | 4 |  | 
                21 total
 » build order
                00:06 Graveyard
00:08 Crypt
00:36 Ziggurat
00:57 Altar of Darkness
01:45 Ziggurat
02:22 Tomb of Relics
04:09 Halls of the Dead
04:34 Ziggurat
08:05 Spirit Tower
08:06 Spirit Tower
08:36 Black Citadel
09:38 Ziggurat
11:05 Sacrificial Pit
11:23 Ziggurat
12:05 Boneyard
12:06 Boneyard
12:07 Boneyard
12:12 Boneyard
13:11 Ziggurat
16:27 Ziggurat
18:09 Spirit Tower
» items
                
                | Rod of Necromancy | 2 |  | 
| Lesser Clarity Potion | 2 |  | 
| Healing Salve | 1 |  | 
| Scroll of Town Portal | 2 |  | 
| Orb of Corruption | 1 |  | 
| Scroll of Healing | 1 |  | 
| Potion of Healing | 1 |  | 
                10 total
  
               
              
              
» 
2IMBA4THIS (
pink | 85 APM | 1358 actions | 16:01)
              
 4 Blademaster 
 2 Wind Walk
 2 Critical Strike
 
                » actions 
                
                | Assign group hotkey | 41 |  | 
| Basic commands | 75 |  | 
| Build / train | 42 |  | 
| ESC pressed | 1 |  | 
| Enter build submenu | 9 |  | 
| Enter hero's abilities submenu | 4 |  | 
| Give item / drop item | 2 |  | 
| Right click | 439 |  | 
| Select / deselect | 298 |  | 
| Select group hotkey | 389 |  | 
| Use ability | 58 |  | 
                1358 total
 » units 
                » upgrades
                
                | Envenomed Spears | 1 |  | 
| Ranged Weapons | 1 |  | 
| Reinforced Defenses | 1 |  | 
                3 total
 » buildings
                
                | Altar of Storms | 1 |  | 
| Orc Burrow | 3 |  | 
| Voodoo Lounge | 1 |  | 
| Stronghold | 1 |  | 
| War Mill | 1 |  | 
| Watch Tower | 1 |  | 
| Great Hall | 1 |  | 
                9 total
 » build order
                00:04 Altar of Storms
00:13 Orc Burrow
00:47 Voodoo Lounge
02:12 Stronghold
02:56 Orc Burrow
03:19 War Mill
04:17 Orc Burrow
05:47 Watch Tower
13:06 Great Hall
» items
                
                | Healing Salve | 2 |  | 
| Lesser Clarity Potion | 2 |  | 
| Scroll of Speed | 2 |  | 
| Circlet of Nobility | 2 |  | 
| Boots of Speed | 1 |  | 
| Orb of Corruption | 1 |  | 
                10 total
  
               
              
              
» 
Discolag (
orange | 60 APM | 688 actions | 11:22)
              
 3 Blademaster 
 2 Wind Walk
 1 Critical Strike
 
                » actions 
                
                | Assign group hotkey | 18 |  | 
| Basic commands | 1 |  | 
| Build / train | 26 |  | 
| Enter build submenu | 10 |  | 
| Enter hero's abilities submenu | 3 |  | 
| Give item / drop item | 1 |  | 
| Right click | 326 |  | 
| Select / deselect | 67 |  | 
| Select group hotkey | 209 |  | 
| Use ability | 27 |  | 
                688 total
 » units 
                » buildings
                
                | Altar of Storms | 1 |  | 
| Orc Burrow | 4 |  | 
| Barracks | 1 |  | 
| Voodoo Lounge | 1 |  | 
| Stronghold | 1 |  | 
| War Mill | 1 |  | 
| Beastiary | 2 |  | 
| Fortress | 1 |  | 
                12 total
 » build order
                00:08 Altar of Storms
00:14 Orc Burrow
00:37 Barracks
01:27 Orc Burrow
02:26 Voodoo Lounge
02:57 Stronghold
04:09 War Mill
06:40 Beastiary
06:44 Beastiary
06:48 Orc Burrow
06:53 Orc Burrow
09:32 Fortress
» items
                
                | Healing Salve | 1 |  | 
| Lesser Clarity Potion | 1 |  | 
                2 total
  
                Chat log
          (00:05 / Allies) Ozma: dests
(00:08 / Allies) HoneyBlunt: woooah
(00:10 / All) Persian_Prince_: we bring death bitches
(00:10 / Allies) HoneyBlunt: 4
(00:14 / All) 19922513: sup burrito
(00:14 / Allies) HoneyBlunt: fucking ghoul rush
(00:26 / Allies) Persian_Prince_: dreadlord an ghouls
(00:29 / All) 2IMBA4THIS: hi
(00:30 / All) JPMorganChase: S4S S4S
(00:40 / All) 19922513: erwin the burrito king
(00:41 / All) 19922513: XD
(00:42 / Allies) Persian_Prince_: get your nec rods!
(00:43 / Allies) Ozma: didnt realize we were goo rushing
(00:54 / Allies) HoneyBlunt: who hero?
(00:55 / Allies) Ozma: i have fiend buld order t.t
(00:58 / Allies) Ozma: but ill get goos
(01:15 / Allies) HoneyBlunt: heros?
(01:18 / Allies) Ozma: dk
(02:01 / Allies) HoneyBlunt: be ready by night plx
(02:48 / All) 19922513: burrito no teching!
(03:24 / Allies) HoneyBlunt: fgogogogogo
(03:30 / Allies) Persian_Prince_: where too?
(03:31 / Allies) Ozma: where to?
(03:37 / Allies) Ozma: k
(03:38 / Allies) HoneyBlunt: meet
(03:56 / Allies) HoneyBlunt: meet
(03:57 / Allies) HoneyBlunt: now
(04:00 / Allies) HoneyBlunt: only way it works
(04:23 / Allies) HoneyBlunt: hpgpgpgpgp
(04:34 / All) Persian_Prince_: hehe
(04:35 / All) Persian_Prince_: ahahaha
(06:01 / Allies) HoneyBlunt: shop
(06:13 / Allies) HoneyBlunt: ytower
(06:15 / Allies) HoneyBlunt: tooet
(06:19 / Allies) HoneyBlunt: burr
(07:06 / Allies) 19922513: \hall
(07:33 / Allies) HoneyBlunt: do not rally any more units to hero
(07:35 / Allies) HoneyBlunt: it is day
(09:16 / Allies) Ozma: b
(09:18 / Allies) 19922513: out
(10:12 / Allies) HoneyBlunt: bur rod
(10:29 / Allies) HoneyBlunt: TRPOTPTP"TPT
(12:00 / Allies) HoneyBlunt: use his dead boudes
(13:00 / Allies) HoneyBlunt: i need a tp
(13:05 / Allies) HoneyBlunt: back
(13:20 / Allies) HoneyBlunt: we go back soooon
(15:16 / Allies) HoneyBlunt: im so glad u guys rushed
(15:34 / Allies) HoneyBlunt: it woudl have been a mistake not to
(15:42 / Allies) Persian_Prince_: was fun too
(15:48 / Allies) HoneyBlunt: yup
(16:08 / All) HoneyBlunt: gg
(16:12 / All) JPMorganChase: gg
(16:14 / All) JPMorganChase: fucking ell
(16:31 / Allies) HoneyBlunt: rushing the inside guy was key too
(16:44 / Allies) HoneyBlunt: dosent matter the race its a good chance little or no d
(17:43 / Allies) Ozma: all 4 of us
(17:45 / Allies) Ozma: getting frosties
(17:46 / Allies) Ozma: LOL
(19:13 / All) JPMorganChase: gg
(19:14 / All) JPMorganChase: Lol
(19:18 / All) HoneyBlunt: gg